 Dungeon Crawl Stone Soup version 0.30-a0-292-g0f741e3f8e (webtiles) character file.

Game seed: 16683658739291124158

994 sleeves the Skirmisher (level 7, 0/53 HPs)
             Began as a Demigod Hunter on Oct 17, 2022.
             Slain by a scorpion (5 damage)
             ... on level 5 of the Dungeon.
             The game lasted 00:06:28 (4661 turns).

sleeves the Skirmisher (Demigod Hunter)             Turns: 4661, Time: 00:06:28

Health: 0/53       AC:  3    Str: 12    XL:     7   Next: 66%
Magic:  9/9        EV: 12    Int: 11    God:
Gold:   227        SH:  0    Dex: 25    Spells: 6/6 levels left

rFire   . . .      SeeInvis .    a - +0 shortbow
rCold   . . .      Faith    .    (shield currently unavailable)
rNeg    . . .      Spirit   .    c - +0 leather armour
rPois   .          Reflect  .    (no helmet)
rElec   .          Harm     .    (no cloak)
rCorr   .          Rampage  .    (no gloves)
Will    .....                    (no boots)
Stlth   ++........               (no amulet)
HPRegen 0.28/turn                (no ring)
MPRegen 0.11/turn                (no ring)

@: lethally poisoned (0 -> -11)
A: high MP 1, forlorn, divine attributes
a: no special abilities


You were on level 5 of the Dungeon.
You visited 1 branch of the dungeon, and saw 5 of its levels.

You collected 227 gold pieces.

Inventory:

Hand Weapons
 a - a +0 shortbow (weapon)
 f - a +0 short sword of speed
   (You took it off a kobold on level 1 of the Dungeon)
Armour
 c - a +0 leather armour (worn)
Jewellery
 l - a ring of ice
   (You found it on level 3 of the Dungeon)
Wands
 p - a wand of paralysis (8)
   (You found it on level 5 of the Dungeon)
Scrolls
 b - a scroll of immolation
 d - a scroll of blinking {unknown}
 i - a scroll of enchant armour {unknown}
 j - 4 scrolls of identify {unknown}
 k - a scroll of butterflies {unknown}
 m - a scroll of noise {unknown}
 n - a scroll of enchant weapon {unknown}
 o - 2 scrolls of teleportation {unknown}
Potions
 e - 2 potions of curing
 g - 2 potions of brilliance
 h - a potion of mutation {unknown}


   Skills:
 - Level 1.7 Fighting
 + Level 9.3 Ranged Weapons
 - Level 1.7 Dodging
 - Level 0.8 Stealth


You had 6 spell levels left.
You didn't know any spells.
Your spell library contained the following spells:

 Spells                   Type           Power      Damage    Failure   Level
 Call Canine Familiar     Summ           0%         N/A       80%         3
 Portal Projectile        Hex/Tloc       0%         N/A       80%         3
 Tukima's Dance           Hex            0%         N/A       80%         3
 Leda's Liquefaction      Hex/Erth       0%         N/A       99%         4
 Passage of Golubria      Tloc           0%         N/A       99%         4
 Yara's Violent Unravell  Hex/Tmut       0%         3d3       100%        5


Dungeon Overview and Level Annotations

Branches:
Dungeon (5/15)
 Temple: D:4-7

Annotations:
D:3 Sigmund


Innate Abilities, Weirdness & Mutations

You have an increased reservoir of magic. (+10% MP)
You shall have no god before yourself.
Your divine heritage dramatically boosts your attributes as you level up.


Message History

You hit the centaur but do no damage.
The centaur is severely wounded.
The centaur misses you. The centaur closely misses you.
You barely miss the centaur.
The centaur is severely wounded.
The centaur barely misses you. The centaur kicks you.
You hit the centaur but do no damage.
The centaur is severely wounded.
The centaur hits you. The centaur kicks you.
You are too injured to fight recklessly!
You are too injured to fight recklessly!
You are too injured to fight recklessly!
You are too injured to fight recklessly!
You are too injured to fight recklessly!
You are too injured to fight recklessly!
You are too injured to fight recklessly!
You are too injured to fight recklessly!
You are too injured to fight recklessly!
You are too injured to fight recklessly!
You are too injured to fight recklessly!
You are too injured to fight recklessly!
You are too injured to fight recklessly!
You are too injured to fight recklessly!
You are too injured to fight recklessly!
You are too injured to fight recklessly!
You are too injured to fight recklessly!
You hit the centaur.
The centaur is almost dead.
The centaur hits you. The centaur kicks you.
* * * LOW HITPOINT WARNING * * *
You hit the centaur.
The centaur is almost dead.
The centaur misses you.
The centaur kicks you but does no damage.
You closely miss the centaur.
The centaur is almost dead.
The centaur closely misses you.
The centaur kicks you but does no damage.
You hit the centaur.
The centaur is almost dead.
The centaur hits you.
* * * LOW HITPOINT WARNING * * *
The centaur kicks you but does no damage.
You hit the centaur but do no damage.
The centaur is almost dead.
The centaur barely misses you.
The centaur kicks you but does no damage.
You hit the centaur.
You kill the centaur!
You see here a +0 shortbow.
You start resting.
You feel less attractive to monsters.
You start resting.
You feel a little less clever now.
You start resting.
You hear the brisk rusting of a very distant drain.
a - a +0 shortbow (weapon)
You hear the brisk rusting of a very distant drain.
HP restored.
A ball python comes into view.
The ball python hisses angrily.
A ball python is nearby!
A ball python is nearby!
A ball python is nearby!
You shoot an arrow. The arrow hits the ball python.
You kill the ball python!
A goblin comes into view. It is wielding a +0 dagger.
A goblin is nearby!
A goblin is nearby!
You shoot an arrow. The arrow hits the goblin!
You kill the goblin!
No target in view!
h - a black potion An orc comes into view.
It is wielding a +0 club.
The orc shouts!
You hear a shout!
You hear an angry hiss.
A worm comes into view.
An orc comes into view. It is wielding a +0 club.
There are monsters nearby!
You shoot an arrow.
The arrow hits the worm but does no damage.
You hear the quick rusting of a very distant drain.
An orc comes into view. It is wielding a +0 falchion.
You shoot an arrow. The orc shouts!
The arrow hits the worm!
The worm is severely wounded.
You shoot an arrow. The arrow hits the worm.
The worm is severely wounded.
You shoot an arrow. The arrow hits the worm!
You kill the worm!
You shoot an arrow. The arrow hits the orc.
The orc is severely wounded.
You shoot an arrow. The arrow hits the orc!
You kill the orc!
You shoot an arrow.
The arrow hits the orc but does no damage.
You shoot an arrow.
The arrow hits the orc but does no damage.
The orc hits you but does no damage.
You shoot an arrow. The arrow hits the orc.
The orc is lightly wounded.
You hear a shout!
An orc wizard comes into view. It is wielding a +0 dagger.
The orc closely misses you.
You hear a shout!
The orc attacks as you move away! The orc closely misses you.
The orc attacks as you move away! The orc hits you with a +0 club.
The orc attacks as you move away! The orc hits you with a +0 club.
The orc attacks as you move away! The orc hits you with a +0 club.
The orc attacks as you move away! The orc barely misses you.
The orc attacks as you move away! The orc closely misses you.
You shoot an arrow. The arrow barely misses the orc.
The arrow closely misses the orc.
The orc closely misses you.
You shoot an arrow. The arrow barely misses the orc.
The arrow hits the orc.
The orc is almost dead.
The orc hits you with a +0 club.
You shoot an arrow. The arrow hits the orc.
The orc is almost dead.
The orc misses you.
You shoot an arrow. The arrow hits the orc.
You kill the orc!
The orc hits you but does no damage.
You shoot an arrow. The arrow barely misses the orc.
The arrow barely misses the orc wizard.
You shoot an arrow.
The arrow closely misses the orc wizard.
The arrow barely misses the orc.
You shoot an arrow.
The arrow hits the orc wizard but does no damage.
The orc wizard casts a spell at you. The puff of flame hits you.
You shoot an arrow. The arrow hits the orc wizard!
The orc wizard is severely wounded.
The orc wizard hits you but does no damage.
You shoot an arrow. The arrow barely misses the orc wizard.
The arrow hits the orc.
You kill the orc!
The orc wizard hits you but does no damage.
The orc wizard hits you with a +0 dagger.
You shoot an arrow. The arrow hits the orc wizard.
The orc wizard is almost dead.
The orc wizard casts a spell at you. You resist with some effort.
You shoot an arrow. The arrow hits the orc wizard.
You kill the orc wizard!
No target in view!
No target in view!
You hear the quick rusting of a very distant drain.
Items here: )) [[ †.
You see here a +0 falchion.
Found a stone staircase leading down.
You hear the rapid rusting of a very distant drain.
A phantom comes into view.
A phantom is nearby!
A phantom is nearby!
You shoot an arrow. The arrow hits the phantom.
The phantom is lightly damaged.
You shoot an arrow. The arrow misses the phantom.
You shoot an arrow. The arrow hits the phantom.
The phantom is moderately damaged.
You shoot an arrow. The arrow closely misses the phantom.
You shoot an arrow. The arrow misses the phantom.
You shoot an arrow. The arrow hits the phantom.
The phantom is heavily damaged.
You shoot an arrow. The arrow barely misses the phantom.
The phantom hits you.
You shoot an arrow. The arrow hits the phantom!
The phantom is almost destroyed.
The phantom closely misses you.
You shoot an arrow.
The arrow hits the phantom but does no damage.
The phantom is almost destroyed.
The phantom hits you. The phantom barely misses you.
You shoot an arrow. The arrow hits the phantom.
The phantom is almost destroyed.
The phantom hits you.
You shoot an arrow. The arrow closely misses the phantom.
The phantom hits you.
The phantom blinks!
You blink.
You shoot an arrow. The arrow closely misses the phantom.
The phantom misses you.
You shoot an arrow. The arrow misses the phantom.
The phantom hits you.
The phantom blinks!
You blink.
The phantom hits you.
You are too injured to fight recklessly!
You are too injured to fight recklessly!
You are too injured to fight recklessly!
Fire: a) +0 shortbow
Press: ? - help, Q - select action Shift-Dir - straight line, f/p - phantom
Aim: a phantom (almost destroyed, 56% to hit)
You shoot an arrow. The arrow barely misses the phantom.
The phantom barely misses you.
Fire: a) +0 shortbow
Press: ? - help, Q - select action Shift-Dir - straight line, f/p - phantom
Aim: a phantom (almost destroyed, 56% to hit)
You shoot an arrow.
The arrow hits the phantom but does no damage.
The phantom is almost destroyed.
The phantom hits you.
The phantom blinks!
You blink.
Fire: a) +0 shortbow
Press: ? - help, Q - select action Shift-Dir - straight line, f/p - phantom
Aim: a phantom (almost destroyed, 56% to hit)
You shoot an arrow. The arrow hits the phantom.
You destroy the phantom!
Your Ranged Weapons skill increases to level 7!
You have reached level 6!
Your experience leads to a dramatic increase in your attributes!
Increase (S)trength, (I)ntelligence, or (D)exterity?
You feel agile. x4
You hear the rapid rusting of a very distant drain.
A hound comes into view.
A hound is nearby!
A hound is nearby!
A hound is nearby!
You shoot an arrow. The arrow closely misses the hound.
The hound barks!
You hear the rapid rusting of a very distant drain.
The hound stops to sniff the ground.
You shoot an arrow. The arrow hits the hound!
The hound is heavily wounded.
You shoot an arrow. The arrow hits the hound!
The hound is almost dead.
The hound bites you.
You shoot an arrow. The arrow misses the hound.
The hound misses you.
You shoot an arrow. The arrow hits the hound!
You kill the hound!
No target in view!
You hear the rapid rusting of a very distant drain.
You hear the drain falling apart.
o - 2 scrolls labelled UZOINO UTHIHOE (gained 1)
The walls and floor vibrate strangely for a moment.
You pick up a book of the Hunter and begin reading...
You add the spells Call Canine Familiar, Portal Projectile and Leda's Liquefaction to your library.
You now have 129 gold pieces (gained 12).
A hobgoblin comes into view.
A hobgoblin is nearby!
A hobgoblin is nearby!
You shoot an arrow. The arrow hits the hobgoblin.
You kill the hobgoblin!
No target in view!
No target in view!
You now have 142 gold pieces (gained 13).
A ball python comes into view.
A ball python is nearby!
A ball python is nearby!
A ball python is nearby!
You shoot an arrow. The ball python hisses angrily.
The arrow hits the ball python!
You kill the ball python!
No target in view!
No target in view!
Okay, then.
k - a scroll labelled MOTTAMNOTE You see here a ball python corpse.
Found a ring mail.
Found a stone staircase leading down.
A necrophage comes into view.
You shoot an arrow. The arrow hits the necrophage!
The necrophage is heavily damaged.
You shoot an arrow.
The arrow hits the necrophage but does no damage.
The necrophage is heavily damaged.
You shoot an arrow.
The arrow closely misses the necrophage.
You shoot an arrow.
The arrow closely misses the necrophage.
You shoot an arrow. The arrow barely misses the necrophage.
The necrophage hits you but does no damage.
You shoot an arrow. The arrow hits the necrophage.
The necrophage is severely damaged.
The necrophage misses you.
You shoot an arrow. The arrow hits the necrophage.
The necrophage is almost destroyed.
The necrophage barely misses you.
You shoot an arrow. The arrow hits the necrophage.
The necrophage is almost destroyed.
The necrophage barely misses you.
You shoot an arrow. The arrow hits the necrophage!
You destroy the necrophage!
No target in view!
No target in view!
An orc comes into view. It is wielding a +0 dagger.
The orc shouts!
An orc is nearby!
An orc is nearby!
An orc is nearby!
You shoot an arrow. The arrow closely misses the orc.
You shoot an arrow. The arrow hits the orc!
You kill the orc!
No target in view!
An orc comes into view. It is wielding a +0 flail.
An orc is nearby!
An orc is nearby!
You shoot an arrow. The arrow barely misses the orc.
The orc shouts!
You hear a shout!
You shoot an arrow. The arrow closely misses the orc.
You shoot an arrow. The arrow closely misses the orc.
An orc comes into view. It is wielding a +0 short sword.
You shoot an arrow. The arrow closely misses the orc.
The arrow hits the orc.
The orc is severely wounded.
You shoot an arrow. The arrow hits the orc!
You kill the orc!
An orc comes into view. It is wielding a +0 hand axe.
You shoot an arrow. The arrow hits the orc.
The orc is almost dead.
The orc throws a boomerang.
The boomerang hits you.
You shoot an arrow. The arrow hits the orc.
You kill the orc!
The orc throws a boomerang.
The boomerang closely misses you.
You shoot an arrow. The arrow closely misses the orc.
You shoot an arrow.
The arrow hits the orc but does no damage.
The orc throws a boomerang.
The boomerang barely misses you.
You shoot an arrow. The arrow closely misses the orc.
You shoot an arrow. The arrow barely misses the orc.
You shoot an arrow.
The arrow hits the orc but does no damage.
You shoot an arrow. The arrow barely misses the orc.
You shoot an arrow.
The arrow hits the orc but does no damage.
The orc completely misses you.
You shoot an arrow. The arrow hits the orc.
The orc is almost dead.
The orc barely misses you. The orc hits you with a +0 hand axe.
You shoot an arrow. The arrow closely misses the orc.
The orc barely misses you.
You shoot an arrow. The arrow hits the orc!
You kill the orc!
No target in view!
No target in view!
Things that are here:
a +0 hand axe; a boomerang
Things that are here:
a +0 short sword; an orc corpse
Found a stone staircase leading up.
A quokka comes into view.
A quokka is nearby!
A quokka is nearby!
You shoot an arrow.
The arrow hits the quokka but does no damage.
You shoot an arrow.
The arrow hits the quokka but does no damage.
A quokka is nearby!
You shoot an arrow. The arrow hits the quokka.
The quokka is almost dead.
A quokka is nearby!
You shoot an arrow.
The arrow hits the quokka but does no damage.
The quokka is almost dead.
You shoot an arrow. The arrow hits the quokka.
You kill the quokka!
No target in view!
An orc comes into view. It is wielding a +0 dagger.
The orc shouts!
An orc is nearby!
An orc is nearby!
You shoot an arrow. The arrow barely misses the orc.
You shoot an arrow. The arrow hits the orc!
You kill the orc!
No target in view!
You now have 157 gold pieces (gained 15).
Things that are here:
a +0 dagger; an orc corpse An ice beast comes into view.
An ice beast is nearby!
You shoot an arrow. The arrow hits the ice beast.
The ice beast is lightly wounded.
An ice beast is nearby!
You shoot an arrow. The arrow hits the ice beast!
The ice beast is heavily wounded.
No target in view!
No target in view!
No target in view!
You shoot an arrow. The arrow hits the ice beast.
The ice beast is severely wounded.
You shoot an arrow. The arrow hits the ice beast!
The ice beast is almost dead.
You shoot an arrow.
The arrow completely misses the ice beast.
You shoot an arrow.
The arrow hits the ice beast but does no damage.
The ice beast is almost dead.
The ice beast hits you. The ice beast freezes you!
You shoot an arrow. The arrow hits the ice beast.
The ice beast is almost dead.
The ice beast completely misses you.
You shoot an arrow. The arrow barely misses the ice beast.
The ice beast barely misses you.
You shoot an arrow. The arrow hits the ice beast!
You kill the ice beast!
No target in view!
No target in view!
An ogre comes into view. It is wielding a +0 giant spiked club.
An ogre is nearby!
An ogre is nearby!
An ogre is nearby!
You shoot an arrow. The ogre shouts!
The arrow hits the ogre.
The ogre is lightly wounded.
You shoot an arrow. The arrow hits the ogre.
The ogre is moderately wounded.
You shoot an arrow. The arrow hits the ogre.
The ogre is moderately wounded.
You shoot an arrow. The arrow hits the ogre.
The ogre is moderately wounded.
You shoot an arrow. The arrow hits the ogre.
The ogre is heavily wounded.
The ogre closely misses you.
You shoot an arrow. The arrow hits the ogre!
The ogre is severely wounded.
The ogre closely misses you.
You shoot an arrow. The arrow barely misses the ogre.
You shoot an arrow. The arrow hits the ogre.
The ogre is almost dead.
The ogre closely misses you.
You shoot an arrow. The arrow barely misses the ogre.
The ogre misses you.
You shoot an arrow. The arrow hits the ogre!
You kill the ogre!
Your Ranged Weapons skill increases to level 8!
You have reached level 7!
Key pressed, stopping explore.
A quokka comes into view.
A quokka is nearby!
A quokka is nearby!
You shoot an arrow. The arrow hits the quokka!
You kill the quokka!
No target in view!
No target in view!
An adder comes into view.
An adder is nearby!
An adder is nearby!
You shoot an arrow. The arrow hits the adder!
The adder hisses angrily.
The adder is heavily wounded.
You hear a howl!
You shoot an arrow. The arrow hits the adder!
You kill the adder!
No target in view!
A howler monkey comes into view.
A howler monkey is nearby!
You shoot an arrow.
The arrow closely misses the howler monkey.
You shoot an arrow. The arrow hits the howler monkey.
The howler monkey is lightly wounded.
You shoot an arrow.
The arrow closely misses the howler monkey.
The howler monkey hits you.
You shoot an arrow. The arrow hits the howler monkey.
The howler monkey is moderately wounded.
The howler monkey barely misses you.
The howler monkey hits you but does no damage.
A howler monkey is nearby!
You shoot an arrow. The arrow hits the howler monkey!
The howler monkey is almost dead.
The howler monkey hits you.
You shoot an arrow.
The arrow completely misses the howler monkey.
The howler monkey barely misses you.
A howler monkey is nearby!
You shoot an arrow.
The arrow closely misses the howler monkey.
The howler monkey hits you but does no damage.
The howler monkey hits you!
A howler monkey is nearby!
You shoot an arrow.
The arrow closely misses the howler monkey.
The howler monkey completely misses you.
A howler monkey is nearby!
You shoot an arrow. The arrow hits the howler monkey!
You kill the howler monkey!
Key pressed, stopping explore.
No target in view!
Key pressed, stopping explore.
No target in view!
Key pressed, stopping explore.
No target in view!
Key pressed, stopping explore.
No target in view!
Unknown command.
You see here an adder corpse.
You enter the shallow water.
Moving in this stuff is going to be slow.
There is a stone staircase leading down here.
A quokka comes into view.
A quokka is nearby!
A quokka is nearby!
A quokka is nearby!
You shoot an arrow. The arrow hits the quokka.
The quokka is heavily wounded.
You shoot an arrow. The arrow hits the quokka!
You kill the quokka!
Key pressed, stopping explore.
No target in view!
Key pressed, stopping explore.
No target in view!
No target in view!
There is an escape hatch in the floor here.
Done exploring.
Done exploring.
Done exploring.
Done exploring.
No target in view!
(D) Dungeon
Where to? (Enter - D:4, ? - help)
There is a stone staircase leading down here.
You climb downwards.
There is a stone staircase leading up here.
An adder comes into view.
An adder is nearby!
You shoot an arrow. The adder hisses angrily.
The arrow hits the adder!
The adder is almost dead.
You shoot an arrow. The arrow barely misses the adder.
You shoot an arrow. The arrow misses the adder.
The adder closely misses you.
You shoot an arrow. The arrow misses the adder.
The adder bites you but does no damage.
You shoot an arrow. The arrow hits the adder.
You kill the adder!
No target in view!
You see here an adder corpse.
An orc comes into view. It is wielding a +0 club.
The orc shouts!
The orc moves out of view.
An orc is nearby!
You shoot an arrow. The arrow hits the orc.
The orc is heavily wounded.
You shoot an arrow. The arrow hits the orc!
You kill the orc!
No target in view!
A hound comes into view.
Found 27 gold pieces.
A hound is nearby!
A hound is nearby!
You shoot an arrow. The arrow hits the hound!
The hound is severely wounded.
You shoot an arrow. The arrow hits the hound!
You kill the hound!
No target in view!
Found a stone staircase leading up.
An adder comes into view.
The adder hisses angrily.
You hear a shout!
An adder is nearby!
You shoot an arrow. The arrow misses the adder.
You hear a shout!
An orc comes into view. It is wielding a +0 club.
You shoot an arrow. The arrow hits the adder!
The adder is almost dead.
An orc comes into view. It is wielding a +0 hand axe.
You shoot an arrow. The arrow barely misses the adder.
The adder bites you but does no damage.
An orc comes into view. It is wielding a +0 hand axe.
You shoot an arrow. The arrow barely misses the adder.
You hear a shout!
The adder bites you. The adder barely misses you.
An orc comes into view. It is wielding a +0 club.
The adder bites you. The adder attacks as you move away!
The adder barely misses you. The adder attacks as you move away!
The adder barely misses you. The adder bites you. The adder barely misses you.
The adder attacks as you move away! The adder barely misses you.
The adder attacks as you move away! The adder bites you. The adder bites you.
The adder attacks as you move away! The adder barely misses you.
The adder attacks as you move away! The adder bites you.
The adder closely misses you.
You see here an adder corpse.
The adder bites you. The adder attacks as you move away!
The adder bites you but does no damage.
You shoot an arrow. The arrow hits the adder!
You kill the adder!
You shoot an arrow. The arrow completely misses the orc.
You shoot an arrow. The arrow hits the orc!
You kill the orc!
You shoot an arrow.
The arrow hits the orc but does no damage.
You shoot an arrow.
The arrow hits the orc but does no damage.
You shoot an arrow. The arrow closely misses the orc.
The orc hits you with a +0 hand axe.
You shoot an arrow.
The arrow hits the orc but does no damage.
The orc hits you with a +0 hand axe.
You shoot an arrow.
The arrow hits the orc but does no damage.
The orc closely misses you.
You shoot an arrow. The arrow hits the orc.
The orc is almost dead.
You hear a shout!
The orc hits you with a +0 hand axe.
You shoot an arrow. The arrow hits the orc!
You kill the orc!
You shoot an arrow. The arrow hits the orc.
The orc is moderately wounded.
The orc hits you with a +0 hand axe.
You shoot an arrow.
The arrow hits the orc but does no damage.
The orc is moderately wounded.
The orc hits you with a +0 hand axe.
You shoot an arrow. The arrow closely misses the orc.
The orc hits you but does no damage.
You shoot an arrow. The arrow hits the orc.
The orc is almost dead.
The orc hits you with a +0 hand axe.
You shoot an arrow. The arrow barely misses the orc.
The arrow hits the orc.
The orc is heavily wounded.
The orc closely misses you.
You shoot an arrow. The arrow barely misses the orc.
The arrow hits the orc.
The orc is almost dead.
The orc hits you with a +0 hand axe. The orc barely misses you.
You are too injured to fight recklessly!
You are too injured to fight recklessly!
You are too injured to fight recklessly!
You are too injured to fight recklessly!
You are too injured to fight recklessly!
You are too injured to fight recklessly!
You are too injured to fight recklessly!
You are too injured to fight recklessly!
You are too injured to fight recklessly!
You are too injured to fight recklessly!
You are too injured to fight recklessly!
You are too injured to fight recklessly!
You are too injured to fight recklessly!
You are too injured to fight recklessly!
Fire: a) +0 shortbow
Press: ? - help, Q - select action Shift-Dir - straight line, f/p - orc
Aim: an orc, wielding a +0 hand axe and wearing a +0 scale mail (almost dead, 71% to hit)
You shoot an arrow. The arrow barely misses the orc.
The arrow hits the orc!
You kill the orc!
The orc hits you with a +0 hand axe.
Fire: a) +0 shortbow
Press: ? - help, Q - select action Shift-Dir - straight line, f/p - orc
Aim: an orc, wielding a +0 hand axe and wearing a +0 scale mail (almost dead, 71% to hit)
You shoot an arrow. The arrow hits the orc!
You kill the orc!
Unknown command.
HP restored.
Items here: )) [[ ††.
You now have 167 gold pieces (gained 10).
Items here: )) [ †.
Found 4 stones.
An orc wizard comes into view. It is wielding a +0 dagger.
Found a fluorescent wand.
The orc wizard shouts!
You hear a shout!
The orc wizard casts a spell at you. The magic dart hits you!
An orc wizard is nearby!
An orc wizard is nearby!
You shoot an arrow.
The arrow hits the orc wizard but does no damage.
You hear a shout!
An orc wizard comes into view. It is wielding a +0 dagger.
An orc comes into view. It is wielding a +0 club.
You shoot an arrow.
The arrow completely misses the orc wizard.
The orc shouts!
The arrow hits the orc!
You kill the orc!
The orc wizard casts a spell at you.
You are confused.
You hear a shout!
You're too confused to move!
The orc wizard gestures at you while chanting.
You are more confused.
You bump into the stone wall.
You are too confused!
You bump into the stone wall.
The orc wizard gestures wildly while chanting.
The orc wizard flickers and vanishes!
Deactivating autopickup; reactivate with Ctrl-A.
Items here: )) [ †.
You bump into the stone wall.
You bump into the stone wall.
The orc wizard points at you and mumbles some strange words.
The magic dart hits you.
Items here: )) [[ ††.
You bump into the stone wall.
You feel less confused.
Fire: a) +0 shortbow
Press: ? - help, Q - select action Shift-Dir - straight line, f/p - orc wizard
Aim: an orc wizard, wielding a +0 dagger and wearing a +0 robe (62% to hit)
You shoot an arrow.
The arrow closely misses the orc wizard.
The orc wizard hits you but does no damage.
Fire: a) +0 shortbow
Press: ? - help, Q - select action Shift-Dir - straight line, f/p - orc wizard
Aim: an orc wizard, wielding a +0 dagger and wearing a +0 robe (62% to hit)
You shoot an arrow.
The arrow completely misses the orc wizard.
The orc wizard barely misses you.
Fire: a) +0 shortbow
Press: ? - help, Q - select action Shift-Dir - straight line, f/p - orc wizard
Aim: an orc wizard, wielding a +0 dagger and wearing a +0 robe (62% to hit)
You shoot an arrow. The arrow hits the orc wizard.
The orc wizard is moderately wounded.
The orc wizard hits you with a +0 dagger.
The orc wizard hits you but does no damage.
Fire: a) +0 shortbow
Press: ? - help, Q - select action Shift-Dir - straight line, f/p - orc wizard
Aim: an orc wizard, wielding a +0 dagger and wearing a +0 robe (moderately wounded, 62% to hit)
You shoot an arrow. The arrow hits the orc wizard!
The orc wizard is severely wounded.
The orc wizard hits you with a +0 dagger.
Fire: a) +0 shortbow
Press: ? - help, Q - select action Shift-Dir - straight line, f/p - orc wizard
Aim: an orc wizard, wielding a +0 dagger and wearing a +0 robe (severely wounded, 62% to hit)
You shoot an arrow. The arrow hits the orc wizard.
You kill the orc wizard!
Fire: a) +0 shortbow
Press: ? - help, Q - select action Shift-Dir - straight line, f - you Really target yourself? [Y]es or [N]o only, please.
Really target yourself?
Okay, then.
Fire: a) +0 shortbow
Press: ? - help, Q - select action Shift-Dir - straight line You shoot an arrow.
Something hits you but does no damage.
Fire: a) +0 shortbow
Press: ? - help, Q - select action Shift-Dir - straight line You shoot an arrow.
Something hits you.
Fire: a) +0 shortbow
Press: ? - help, Q - select action Shift-Dir - straight line You shoot an arrow.
You hear some strange, mumbled words.
A magic dart appears from out of thin air!
The magic dart hits you.
Fire: a) +0 shortbow
Press: ? - help, Q - select action Shift-Dir - straight line You shoot an arrow.
Something hits you.
Fire: a) +0 shortbow
Press: ? - help, Q - select action Shift-Dir - straight line You shoot an arrow.
Something hits you.
Fire: a) +0 shortbow
Press: ? - help, Q - select action Shift-Dir - straight line You shoot an arrow.
Something hits you. x2
Fire: a) +0 shortbow
Press: ? - help, Q - select action Shift-Dir - straight line You shoot an arrow.
You hear some strange, mumbled words.
Something tries to affect you, but you resist.
Fire: a) +0 shortbow
Press: ? - help, Q - select action Shift-Dir - straight line You shoot an arrow.
Reactivating autopickup.
You feel a bit more experienced.
A scorpion comes into view.
A scorpion is nearby!
A scorpion is nearby!
A scorpion is nearby!
You shoot an arrow. The arrow hits the scorpion!
The scorpion is heavily wounded.
You shoot an arrow. The arrow hits the scorpion!
The scorpion is almost dead.
You shoot an arrow. The arrow closely misses the scorpion.
You shoot an arrow.
The arrow hits the scorpion but does no damage.
The scorpion is almost dead.
A scorpion is nearby!
You shoot an arrow.
The arrow hits the scorpion but does no damage.
The scorpion is almost dead.
You shoot an arrow. The arrow closely misses the scorpion.
The scorpion misses you. The scorpion stings you.
You are too injured to fight recklessly!
You are too injured to fight recklessly!
Fire: a) +0 shortbow
Press: ? - help, Q - select action Shift-Dir - straight line, f/p - scorpion
Aim: a scorpion (almost dead, 68% to hit)
You shoot an arrow. The arrow closely misses the scorpion.
The scorpion barely misses you.
Fire: a) +0 shortbow
Press: ? - help, Q - select action Shift-Dir - straight line, f/p - scorpion
Aim: a scorpion (almost dead, 68% to hit)
You shoot an arrow.
The arrow hits the scorpion but does no damage.
The scorpion is almost dead.
The scorpion barely misses you.
Fire: a) +0 shortbow
Press: ? - help, Q - select action Shift-Dir - straight line, f/p - scorpion
Aim: a scorpion (almost dead, 68% to hit)
You shoot an arrow.
The arrow hits the scorpion but does no damage.
The scorpion is almost dead.
The scorpion stings you but does no damage.
Fire: a) +0 shortbow
Press: ? - help, Q - select action Shift-Dir - straight line, f/p - scorpion
Aim: a scorpion (almost dead, 68% to hit)
You shoot an arrow. The arrow hits the scorpion!
You kill the scorpion!
Your Ranged Weapons skill increases to level 9!
Fire: a) +0 shortbow
Press: ? - help, Q - select action Shift-Dir - straight line, f - you Really target yourself? [Y]es or [N]o only, please.
Really target yourself?
Okay, then.
You don't know any spells.
Items here: )))) [[[[ ÷ ††††.
Items here: )) [ ÷.
An orc comes into view. It is wielding a +0 hand axe.
An orc is nearby!
An orc is nearby!
An orc is nearby!
You shoot an arrow. The orc shouts!
The arrow hits the orc!
You kill the orc!
No target in view!
An orc comes into view. It is wielding a +0 dagger.
The orc shouts!
You shoot an arrow.
The arrow hits the orc but does no damage.
You shoot an arrow. The arrow barely misses the orc.
You shoot an arrow.
The arrow hits the orc but does no damage.
You shoot an arrow. The arrow hits the orc!
You kill the orc!
No target in view!
No target in view!
Things that are here:
a +0 dagger; a +0 ring mail
p - a wand of paralysis (8)
An orc comes into view. It is wielding a +0 flail.
An orc is nearby!
You shoot an arrow. The arrow closely misses the orc.
The orc shouts!
You shoot an arrow. The arrow hits the orc.
The orc is lightly wounded.
An orc comes into view. It is wielding a +0 club.
You shoot an arrow. The arrow hits the orc.
The orc is lightly wounded.
An orc is nearby!
You shoot an arrow. The arrow barely misses the orc.
The orc throws a stone.
The stone barely misses you.
You shoot an arrow. The arrow hits the orc!
You kill the orc!
You shoot an arrow.
The arrow hits the orc but does no damage.
You shoot an arrow. The arrow closely misses the orc.
The orc hits you with a +0 flail.
You shoot an arrow. The arrow barely misses the orc.
The orc closely misses you.
You shoot an arrow.
The arrow hits the orc but does no damage.
The orc closely misses you.
You shoot an arrow. The arrow barely misses the orc.
The orc hits you with a +0 flail.
You shoot an arrow. The arrow hits the orc.
The orc is heavily wounded.
The orc barely misses you.
You shoot an arrow. The arrow barely misses the orc.
The orc closely misses you.
You shoot an arrow. The arrow hits the orc!
You kill the orc!
No target in view!
No target in view!
An orc priest comes into view. It is wielding a +0 hand axe.
An orc priest is nearby!
An orc priest is nearby!
An orc priest is nearby!
You shoot an arrow. The arrow barely misses the orc priest.
The orc priest shouts!
The orc priest looks encouraged for a moment.
You shoot an arrow. The arrow hits the orc priest.
The orc priest is lightly wounded.
You shoot an arrow. The arrow barely misses the orc priest.
You shoot an arrow. The arrow hits the orc priest!
The orc priest is almost dead.
The orc priest mumbles some strange prayers to Beogh against you.
Beogh smites you!
You shoot an arrow. The arrow hits the orc priest!
You kill the orc priest!
No target in view!
No target in view!
Things that are here:
a +0 hand axe; an orc corpse You now have 181 gold pieces (gained 14).
Found a spear.
Found a trident.
You now have 194 gold pieces (gained 13).
You now have 211 gold pieces (gained 17).
You now have 223 gold pieces (gained 12).
You see here a +0 trident.
You now have 227 gold pieces (gained 4).
Found a ring mail.
A shadow imp comes into view.
The shadow imp shouts!
The shadow imp moves out of view.
A hound comes into view.
There are monsters nearby!
There are monsters nearby!
You shoot an arrow. The hound barks!
The arrow hits the shadow imp but does no damage.
You hear a bark!
You shoot an arrow.
The arrow hits the shadow imp but does no damage.
A hound comes into view.
You shoot an arrow. The arrow hits the shadow imp.
The shadow imp is moderately wounded.
A scorpion comes into view.
The shadow imp gestures at you.
You struggle to resist.
The scorpion moves out of view.
The hound attacks as you move away! The hound completely misses you.
You shoot an arrow. The arrow hits the hound.
The hound is moderately wounded.
The hound bites you. x2
You shoot an arrow. The arrow closely misses the hound.
The arrow hits the shadow imp but does no damage.
The shadow imp is moderately wounded.
The hound bites you but does no damage. The hound bites you.
You shoot an arrow. The arrow hits the hound.
The hound is severely wounded.
The hound bites you.
You shoot an arrow. The arrow hits the hound!
You kill the hound!
The hound closely misses you.
You shoot an arrow. The arrow hits the hound!
The hound is severely wounded.
The hound misses you.
You shoot an arrow. The arrow closely misses the hound.
The arrow closely misses the shadow imp.
The hound bites you. The hound bites you but does no damage.
You shoot an arrow. The arrow hits the hound!
You kill the hound!
The scorpion misses you.
You shoot an arrow. The arrow hits the scorpion.
The scorpion is moderately wounded.
The scorpion stings you.
You are poisoned.
The scorpion poisons you!
You shoot an arrow.
The arrow hits the scorpion but does no damage.
The scorpion is moderately wounded.
You feel very sick. The scorpion barely misses you.
You shoot an arrow.
The arrow hits the scorpion but does no damage.
The scorpion is moderately wounded.
You feel very sick. The scorpion stings you.
You are too injured to fight recklessly!
You are too injured to fight recklessly!
You are too injured to fight recklessly!
Fire: a) +0 shortbow
Press: ? - help, Q - select action, (/) - cycle Shift-Dir - straight line, f/p - scorpion
Aim: a scorpion (moderately wounded, 68% to hit)
You shoot an arrow. The arrow barely misses the scorpion.
The arrow hits the shadow imp!
You kill the shadow imp!
You feel sick. The scorpion stings you.
* * * LOW HITPOINT WARNING * * *
Fire: a) +0 shortbow
Press: ? - help, Q - select action, (/) - cycle Shift-Dir - straight line, f/p - scorpion
Aim: a scorpion (lightly wounded, 68% to hit)
You shoot an arrow. The arrow closely misses the scorpion.
You feel sick. The scorpion completely misses you.
The scorpion stings you but does no damage.
Fire: a) +0 shortbow
Press: ? - help, Q - select action, (/) - cycle Shift-Dir - straight line, f/p - scorpion
Aim: a scorpion (lightly wounded, 68% to hit)
You shoot an arrow. The arrow hits the scorpion!
The scorpion is severely wounded.
You feel sick. The scorpion stings you.
* * * LOW HITPOINT WARNING * * *
Fire: a) +0 shortbow
Press: ? - help, Q - select action, (/) - cycle Shift-Dir - straight line, f/p - scorpion
Aim: a scorpion (severely wounded, 68% to hit)
You shoot an arrow. The arrow closely misses the scorpion.
You feel sick. The scorpion closely misses you.
Fire: a) +0 shortbow
Press: ? - help, Q - select action, (/) - cycle Shift-Dir - straight line, f/p - scorpion
Aim: a scorpion (severely wounded, 68% to hit)
You shoot an arrow. The arrow closely misses the scorpion.
You feel sick. The scorpion closely misses you.
Fire: a) +0 shortbow
Press: ? - help, Q - select action, (/) - cycle Shift-Dir - straight line, f/p - scorpion
Aim: a scorpion (severely wounded, 68% to hit)
You shoot an arrow.
The arrow hits the scorpion but does no damage.
The scorpion is severely wounded.
You feel sick. The scorpion stings you.
* * * LOW HITPOINT WARNING * * *
You are lethally poisoned!
The scorpion poisons you! The scorpion stings you.
* * * LOW HITPOINT WARNING * * *
Fire: a) +0 shortbow
Press: ? - help, Q - select action, (/) - cycle Shift-Dir - straight line, f/p - scorpion
Aim: a scorpion (severely wounded, 68% to hit)
You shoot an arrow. The arrow barely misses the scorpion.
* * * LOW HITPOINT WARNING * * *
You feel very sick. The scorpion stings you.
You die...

#.# ### #..#..# #.###..
#....## ...)#.###...###
##........#...########.
...##.#................
#.....)...#..##........
..........##.....#####.
.............##..#
.##..####....###@#
.....# ####..##s##
.#...# #......####$..
...#.# ####...[$.....
......# #.#...##...
.#.#.... #.###.#
......## #. .# ##.#..#
.. .. .... .. ..


You could see a scorpion.

Vanquished Creatures
  An ice beast (D:4)
  An ogre (D:4)
  A centaur (D:4)
  A phantom (D:4)
  A scorpion (D:5)
  A necrophage (D:4)
  A howler monkey (D:4)
  4 hounds
  An orc priest (D:5)
  3 iron imps (D:3)
  4 orc wizards
  4 adders
  A shadow imp (D:5)
  3 worms
  4 dart slugs
  21 orcs
  10 ball pythons
  6 bats
  5 endoplasms
  6 goblins
  5 hobgoblins
  2 jackals (D:4)
  10 kobolds
  6 quokkas
  2 frilled lizards
  2 rats
106 creatures vanquished.

Notes
Turn   | Place    | Note
-------+----------+-------------------------------------------
     0 | D:1      | sleeves the Demigod Hunter began the quest for the Orb.
     0 | D:1      | Reached XP level 1. HP: 17/17 MP: 3/3
   191 | D:1      | Reached skill level 4 in Ranged Weapons
   212 | D:1      | Reached XP level 2. HP: 16/24 MP: 4/4
  1109 | D:1      | Reached XP level 3. HP: 21/29 MP: 5/5
  1387 | D:2      | You fall into a shaft and drop 1 floor!
  1900 | D:2      | HP: 14/29 [poisoned by an adder]
  1902 | D:2      | Reached skill level 5 in Ranged Weapons
  2249 | D:3      | HP: 14/29 [orc wizard/+0 dagger (3)]
  2255 | D:3      | HP: 11/29 [orc wizard/+0 dagger (1)]
  2262 | D:3      | HP: 9/29 [orc wizard/+0 dagger (1)]
  2265 | D:3      | HP: 4/29 [orc wizard/+0 dagger (3)]
  2272 | D:3      | HP: 5/29 [orc wizard/+0 dagger (1)]
  2278 | D:3      | HP: 4/29 [orc wizard/+0 dagger (2)]
  2280 | D:3      | Reached XP level 4. HP: 5/36 MP: 6/6
  2655 | D:3      | Reached skill level 6 in Ranged Weapons
  2655 | D:3      | Reached XP level 5. HP: 41/41 MP: 7/7
  2722 | D:3      | Noticed Sigmund
  2735 | D:3      | HP: 20/41 [something/puff of flame (10)]
  3109 | D:4      | Noticed a centaur
  3114 | D:4      | HP: 16/41 [centaur (6)]
  3149 | D:4      | HP: 18/41 [centaur (3)]
  3154 | D:4      | Killed a centaur
  3413 | D:4      | Reached skill level 7 in Ranged Weapons
  3413 | D:4      | Reached XP level 6. HP: 25/48 MP: 8/8
  3827 | D:4      | Reached skill level 8 in Ranged Weapons
  3827 | D:4      | Reached XP level 7. HP: 53/53 MP: 9/9
  4212 | D:5      | Entered Level 5 of the Dungeon
  4443 | D:5      | Reached skill level 9 in Ranged Weapons
  4655 | D:5      | HP: 26/53 [poisoned by a scorpion]
  4660 | D:5      | HP: 15/53 [poisoned by a scorpion]
  4661 | D:5      | HP: 5/53 [poisoned by a scorpion]
  4661 | D:5      | Slain by a scorpion

Illustrated notes

Levels and vault maps discovered:
D:1:      dpeg_arrival_rooms_b, layout_basic, hangedman_abyss_or_decor_stabs,
          chequers_serial_rivers_small_a, kennysheep_decorative_pillar,
          minmay_indecisive_spiral
D:2:      layout_loops_cross, hellmonk_ecumenical_altar_leap_of_faith
D:3:      layout_basic, demons_altar, nicolae_eternal_life, uniq_sigmund
D:4:      layout_basic, portal_sewer_entry_e, eino_tiny_chamber
D:5:      layout_rooms, chei_slow_surprise, grunt_ministairs_13

Skill      XL: |  1  2  3  4  5  6  7 |
---------------+----------------------+-----
Ranged Weapons | 4 5 6 7 8 9 |  9.3
Fighting       | |  1.7
Dodging        | |  1.7
Stealth        | |  0.8

Action                   |  1- 3 |  4- 6 |  7- 9 || total
-------------------------+-------+-------+-------++-------
Melee: Short sword       |   175 |    28 |       ||   203
       Punch             |       |     1 |       ||     1
 Fire: Shortbow          |    51 |   145 |   113 ||   309
  Use: Potion            |       |     6 |       ||     6
 Stab: Sleeping          |     5 |       |       ||     5
Armor: Leather armour    |    38 |    30 |    13 ||    81
Dodge: Dodged            |   105 |    66 |    31 ||   202

Table legend: (Time is in decaauts)
 A = Elapsed time spent in this place.
 B = Non-inter-level travel time spent in this place.
 C = Inter-level travel time spent in this place.
 D = Time resting spent in this place.
 E = Time spent auto-exploring this place.
 F = Levels seen in this place.
 G = Mean time per level.
                   A        B        C        D        E       F      G
               +--------+--------+--------+--------+--------+-----+--------+
         Total |   4647 |   4495 |    152 |    298 |   3257 |   5 |  929.4 |
       Dungeon |   4647 |   4495 |    152 |    298 |   3257 |   5 |  929.4 |
               +--------+--------+--------+--------+--------+-----+--------+

Top non-repeatable levels by time:
     D:4: 1295 daAuts
     D:1: 1142 daAuts
     D:3: 900 daAuts
     D:2: 850 daAuts
     D:5: 458 daAuts
